 Dungeon Crawl Stone Soup version 0.27-a0-1136-g0b992a5a9d (webtiles) character file.

Game seed: 11482030500519189617

71 robertstho the Skirmisher (level 4, 0/37 HPs)
             Began as a Demonspawn Berserker on May 5, 2021.
             Was a Believer of Trog.
             Slain by a gnoll
             ... wielding a +1 halberd of venom
              (9 damage)
             ... on level 2 of the Dungeon.
             The game lasted 00:01:54 (1463 turns).

robertstho the Skirmisher (Demonspawn Berserker)    Turns: 1463, Time: 00:01:54

Health: 0/37       AC:  2    Str: 19    XL:     4   Next: 5%
Magic:  4/4        EV: 12    Int:  8    God:    Trog [**....]
Gold:   95         SH:  0    Dex: 12    Spells: 3/3 levels left

rFire    . . .     SeeInvis .   a - +0 falchion
rCold    . . .     Faith    .   (no shield)
rNeg     . . .     Spirit   .   b - +0 animal skin
rPois    .         Reflect  .   (helmet restricted)
rElec    .         Harm     .   (no cloak)
rCorr    .         Rampage  .   (no gloves)
Will     .....                  (no boots)
Stlth    +.........             (no amulet)
HPRegen  0.12/turn              (no ring)
MPRegen  0.09/turn              (no ring)

@: about to teleport, on berserk cooldown, slowed, very slow
A: horns 1, demonic magic 2
a: Renounce Religion, Berserk, Trog's Hand


You were on level 2 of the Dungeon.
You worshipped Trog.
Trog was pleased with you.
You visited 1 branch of the dungeon, and saw 2 of its levels.

You collected 95 gold pieces.

Inventory:

Hand Weapons
 a - a +0 falchion (weapon)
Armour
 b - a +0 animal skin (worn)
Jewellery
 f - a ring of see invisible
 m - an amulet of magic regeneration
Scrolls
 c - a scroll of identify
 e - a scroll of enchant armour {unknown}
 g - a scroll of amnesia {unknown}
 h - a scroll of torment {unknown}
 i - a scroll of noise {unknown}
 l - a scroll of teleportation
Potions
 d - a potion of lignification {unknown}
 j - a potion of heal wounds {unknown}
 k - a potion of mutation {unknown}


   Skills:
 + Level 3.7 Fighting
 + Level 3.5 Long Blades
 + Level 1.9 Armour
 + Level 2.3 Dodging
 + Level 0.1 Stealth


You had 3 spell levels left.
You didn't know any spells.
Your spell library was empty.

Dungeon Overview and Level Annotations

Branches:
Dungeon (2/15)

Altars:

Shops:
D:1 [


Innate Abilities, Weirdness & Mutations

You have a pair of small horns on your head.
Spells you cast may paralyse nearby enemies.


Message History

2 gnolls come into view.
A gnoll is wielding a +1 halberd of venom.
The gnoll shouts!
The goblin hits you but does no damage.
A red film seems to cover your vision as you go berserk!
You feel yourself moving faster!
You feel mighty! The goblin barely misses you.
You slash the goblin!
You kill the goblin!
Trog accepts your kill.
You can now call upon Trog for regeneration and willpower.
You slash the gnoll!
The gnoll is severely wounded.
The gnoll hits you from afar with a +0 halberd!
You slash the gnoll!
You kill the gnoll!
Trog accepts your kill.
The gnoll hits you from afar with a +1 halberd of venom.
You are poisoned.
The gnoll hits you from afar with a +0 halberd!
You have reached level 4!
You feel stronger.
You feel monstrous as your demonic heritage exerts itself.
Your demonic ancestry asserts itself...
A pair of horns grows on your head!
You feel sick.
You feel a strong urge to attack something.
You feel sick.
You feel sick.
You feel your anger nearly subside.
You are no longer berserk.
You are exhausted.
You feel yourself slow down.
As you read the scroll labelled IKUOCU WANA, it crumbles to dust.
It is a scroll of identify.
l - 2 scrolls of teleportation You feel sick.
As you read the scroll of teleportation, it crumbles to dust.
You feel strangely unstable.
You feel sick.
You are no longer poisoned.
The gnoll hits you from afar with a +1 halberd of venom!
You die...

#.##.# ....#
... ## #g#
#.. #.# #.#
##g# #.#
#g.#
#.###.##
#.##@.#
#.##.##
#.#####....#
#........###
#.####..##
..# #.## ..#
#.# #.# #.#
#.####.#


You could see 3 gnolls.

Vanquished Creatures
  A hound (D:2)
  A gnoll (D:2)
  3 endoplasms
  5 giant cockroaches
  3 goblins (D:2)
  2 hobgoblins
  3 jackals (D:1)
  2 kobolds (D:1)
  A quokka (D:1)
  4 ball pythons (D:1)
  2 frilled lizards (D:1)
  2 rats (D:1)
29 creatures vanquished.

Notes
Turn   | Place    | Note
-------+----------+-------------------------------------------
     0 | D:1      | robertstho the Demonspawn Berserker began the quest for the
                  | Orb.
     0 | D:1      | Reached XP level 1. HP: 18/18 MP: 1/1
    40 | D:1      | Found Beado's Antique Armour Boutique.
   306 | D:1      | Gained mutation: Spells you cast may paralyse adjacent
                  | enemies. [demonic ancestry]
   306 | D:1      | Reached XP level 2. HP: 24/24 MP: 2/2
  1320 | D:2      | Gained mutation: Spells you cast may paralyse nearby
                  | enemies. [demonic ancestry]
  1320 | D:2      | Reached XP level 3. HP: 30/30 MP: 3/3
  1455 | D:2      | Reached ** piety under Trog
  1458 | D:2      | Gained mutation: You have a pair of small horns on your
                  | head. [demonic ancestry]
  1458 | D:2      | Reached XP level 4. HP: 20/37 MP: 4/4
  1463 | D:2      | Slain by a gnoll

Illustrated notes

Levels and vault maps discovered:
D:1:      saegor_arrival_simple_c, layout_loops_ring, serial_shops, shop,
          chequers_serial_rivers_micro_d
D:2:      layout_rooms, minmay_goblin_kobold_house

Skill      XL: |  1  2 |
---------------+-------+-----
Long Blades    | 3 |  3.5
Dodging        | 2 |  2.3
Fighting       | |  3.7
Armour         | |  1.9
Stealth        | |  0.1

Action                   |  1- 3 |  4- 6 || total
-------------------------+-------+-------++-------
Melee: Falchion          |    79 |       ||    79
Invok: Berserk           |     3 |       ||     3
  Use: Scroll            |       |     2 ||     2
 Stab: Sleeping          |     1 |       ||     1
Armor: Animal skin       |    17 |       ||    17
Dodge: Dodged            |    53 |       ||    53
       Rpst.: Falchion   |    16 |       ||    16

Table legend: (Time is in decaauts)
 A = Elapsed time spent in this place.
 B = Non-inter-level travel time spent in this place.
 C = Inter-level travel time spent in this place.
 D = Time resting spent in this place.
 E = Time spent auto-exploring this place.
 F = Levels seen in this place.
 G = Mean time per level.
                   A        B        C        D        E       F      G
               +--------+--------+--------+--------+--------+-----+--------+
         Total |   1481 |   1464 |     17 |      0 |   1247 |   2 |  740.5 |
       Dungeon |   1481 |   1464 |     17 |      0 |   1247 |   2 |  740.5 |
               +--------+--------+--------+--------+--------+-----+--------+

Top non-repeatable levels by time:
     D:1: 1321 daAuts
     D:2: 159 daAuts
